AoeStats
← Comend x comend

Nomad

510240475Analyzed
4v4 RM · 23h ago on Sep 30, 2026· 24m 53s· 8 players
Game mode
Random Map
Map size
231×231
Population
200
Speed
Normal
Resources
Standard
Victory
Conquest
Starting age
Dark Age
Ending age
Imperial Age
RankedLock teamsTeams togetherTeam positionsShared explorationLock speedFull tech treeHidden civsTurbo modeCheats
Victory
Defeat
🇦🇷 Armenians · Argentina
1581
+12
🇲🇽 Malay · Mexico
1554
+13
🇧🇷 Dravidians · Brazil
1538
+13
🇺🇸 Inca · United States
1359
+20
🇳🇿 Byzantines · New Zealand
1520
-16
🇨🇳 Mongols · China
1502
-16
🇨🇳 Vietnamese · China
1471
-14
🇵🇪 Cumans · Peru
1425
-12
Comend x comend
7:43 Loom
13:10 Feudal Age
16:56 Forging
17:13 Man-at-Arms
22:34 Wheelbarrow
JayJayNico
5:26 Loom
13:25 Feudal Age
17:37 Fletching
9527
3:27 Loom
12:55 Feudal Age
13:26 Double-Bit Axe
13:26 Fishing Lines
14:48 Wheelbarrow
16:10 Gold Mining
20:26 Fletching
25:42 Castle Age
儒门_重农抑商
8:25 Loom
12:31 Feudal Age
13:43 Town Watch
16:59 Castle Age
18:17 Double-Bit Axe
18:26 Fletching
19:17 Bodkin Arrow
21:09 Bow Saw
WILL_THE_AVERAGE
5:09 Loom
13:52 Feudal Age
14:36 Town Watch
17:33 Castle Age
15:56 Double-Bit Axe
18:45 Fletching
Lolokoil
4:07 Loom
14:54 Feudal Age
17:53 Horse Collar
20:41 Double-Bit Axe
25:50 Castle Age
24:14 Gold Mining
24:49 Fishing Lines
GAX | Nuno
4:47 Loom
13:13 Feudal Age
15:03 Double-Bit Axe
16:02 Fletching
21:07 Castle Age
24:10 Bodkin Arrow
Tonguera
12:38 Feudal Age
13:23 Double-Bit Axe
13:43 Loom
15:17 Fletching
21:23 Castle Age
22:58 Medium Warships
23:35 Bodkin Arrow
Connection lost

Rejoining the realm…

Still unreachable

The connection could not be restored.

Session expired

The server has moved on; the page needs a fresh start.